 Dungeon Crawl Stone Soup version 0.18.1-50-g88ac8fd (webtiles) character file.

65 Chiseanne the Grasshopper (level 3, 0/18 HPs)
             Began as a Spriggan Warper on Oct 2, 2016.
             Succumbed to an adder's poison
             ... on level 2 of the Dungeon.
             The game lasted 00:05:03 (1620 turns).

Chiseanne the Grasshopper (Spriggan Warper)         Turns: 1620, Time: 00:05:03

Health: 0/18       AC:  4    Str: 12    XL:     3   Next: 94%
Magic:  9/9        EV: 19    Int: 15    God:
Gold:   59         SH:  0    Dex: 15    Spells: 3 memorised, 4 levels left

rFire  . . .     SeeInvis +     a - +0 short sword
rCold  . . .     Gourm    .     b - +0 robe
rNeg   . . .     Faith    .     (shield restricted)
rPois  .         Spirit   .     (helmet restricted)
rElec  .         Dismiss  .     p - +1 cloak
rCorr  .         Reflect  .     (gloves unavailable)
SustAt .         Harm     .     (boots unavailable)
MR     .....                    (no amulet)
Stlth  +.........               (no ring)
                                (no ring)

@: mighty, lethally poisoned (0 -> -1), very quick, not resistant to hostile
enchantments, very unstealthy
A: unfitting armour, see invisible, herbivore 3, speed 3, slow metabolism 2
a: no special abilities


You were on level 2 of the Dungeon.
You were not hungry.

You visited 1 branch of the dungeon, and saw 2 of its levels.

You collected 59 gold pieces.

Inventory:

Hand Weapons
 a - a +0 short sword (weapon)
Missiles
 e - 5 tomahawks of dispersal
 g - 7 tomahawks (quivered)
 i - 22 stones
 j - 13 poisoned needles
 n - 48 arrows
Armour
 b - a +0 robe (worn)
 p - a +1 cloak (worn)
Scrolls
 d - a scroll of blinking
 l - 3 scrolls of remove curse
Potions
 k - a potion of might
Books
 c - a book of Spatial Translocations

   Spells                             Type                      Level
   a - Apportation                    Translocation                1
   b - Blink                          Translocation                2
   c - Shroud of Golubria             Charms/Translocation         2
   d - Portal Projectile              Translocation                3
   e - Teleport Other                 Translocation                3
   f - Passage of Golubria            Translocation                4
Comestibles
 f - a bread ration
 h - a slice of pizza


   Skills:
 - Level 1.5 Fighting
 - Level 2.1 Short Blades
 - Level 1.0 Throwing
 * Level 4.5 Dodging
 * Level 3.7 Spellcasting
 * Level 5.5 Translocations


You had 4 spell levels left.
You knew the following spells:

 Your Spells              Type           Power        Failure   Level  Hunger
a - Apportation           Tloc           ###.......   1%          1    None
b - Blink                 Tloc           N/A          2%          2    ##.....
c - Shroud of Golubria    Chrm/Tloc      ##........   12%         2    ##.....


Dungeon Overview and Level Annotations

Branches:
Dungeon (2/15)

Altars:


Innate Abilities, Weirdness & Mutations

You are tiny and cannot use many weapons and most armour.
You have supernaturally acute eyesight.
You are a herbivore.
You cover ground extremely quickly.
You need consume almost no food.


Message History

Okay, then.
* * * LOW HITPOINT WARNING * * *
You feel sick.
* * * LOW HITPOINT WARNING * * *
You feel sick.
You see here a scroll labeled YLOUDDU FANU.
m - a scroll labeled YLOUDDU FANU Read which item? (? for menu, Esc to quit)
As you read the scroll labeled YLOUDDU FANU, it crumbles to dust.
It is a scroll of enchant armour.
Enchant which item? (? for menu, Esc to quit)
Your +0 cloak glows green for a moment.
* * * LOW HITPOINT WARNING * * *
You feel sick.
Your shroud begins to fray at the edges.
* * * LOW HITPOINT WARNING * * *
You feel sick.
Found a scroll labeled TERA SAHOINGE.
Your shroud unravels.
You die...

#########
#.......#
#.#####.# #.#
#.# #.# #.# #.#
#.# #######.###
#@#
#.........#...#
#.#######
#.#..##.#.#?###
#.......#
#.#.....#.#.
#######.#
####.#.#####.#
#.......#
..†........#.#
#.####..#
.###.#.###.#.#
#)#..#..#
.....#.....#.#
######.#..#..#
.######...##.#
#.......# #..#


There were no monsters in sight!

Vanquished Creatures
  3 adders (D:2)
  2 dart slugs (D:1)
  A giant gecko (D:2)
  A ball python (D:1)
  4 bats
  2 giant cockroaches (D:1)
  7 goblins
  4 hobgoblins
  6 kobolds
  4 rats
34 creatures vanquished.

Notes
Turn   | Place    | Note
--------------------------------------------------------------
     0 | D:1      | Chiseanne the Spriggan Warper began the quest for the Orb.
     0 | D:1      | Reached XP level 1. HP: 10/10 MP: 5/5
   171 | D:1      | Reached XP level 2. HP: 13/14 MP: 7/7
   222 | D:1      | Learned a level 2 spell: Shroud of Golubria
   225 | D:1      | Learned a level 2 spell: Blink
   673 | D:1      | Reached skill level 5 in Translocations
  1195 | D:2      | Reached XP level 3. HP: 15/18 MP: 8/8
  1620 | D:2      | Succumbed to an adder's poison

Skill      XL: |  1  2 |
---------------+-------+-----
Spellcasting   | 3 |  3.7
Dodging        | 4 |  4.5
Translocations | 5 |  5.5
Fighting       | |  1.5
Short Blades   | |  2.1
Throwing       | |  1.0

Action                   || total
-------------------------++-------
Melee: Short sword       ||   139
Throw: Tomahawk          ||     2
 Cast: Shroud of Golubri ||     4
       Blink             ||     1
  Use: Scroll            ||     4
       Potion            ||     1
 Stab: Sleeping          ||     3
Armor: Robe              ||    12
Dodge: Dodged            ||   109
